 Dungeon Crawl Stone Soup version 0.27.0-66-gdc8fb28755 (webtiles) character file.

Game seed: 5370906906004282036

47 horus123 the Conjurer (level 3, -10/19 HPs)
             Began as a Deep Elf Conjurer on Aug 20, 2021.
             Killed by nerve-wracking pain
             ... invoked by an orc priest
              (12 damage)
             ... on level 2 of the Dungeon.
             The game lasted 00:03:44 (1494 turns).

horus123 the Conjurer (Deep Elf Conjurer)           Turns: 1494, Time: 00:03:45

Health: -10/19     AC:  3    Str:  4    XL:     3   Next: 48%
Magic:  0/9        EV: 12    Int: 23    God:
Gold:   25         SH:  0    Dex: 13    Spells: 3/8 levels left

rFire    . . .     SeeInvis .   d - +1 falchion
rCold    . . .     Faith    .   (no shield)
rNeg     . . .     Spirit   .   a - +0 robe
rPois    .         Reflect  .   (no helmet)
rElec    .         Harm     .   (no cloak)
rCorr    .         Rampage  .   (no gloves)
Will     .....                  c - +0 pair of boots
Stlth    ++........             (no amulet)
HPRegen  0.06/turn              (no ring)
MPRegen  0.11/turn              (no ring)

@: no status effects
A: no striking features
a: no special abilities


You were on level 2 of the Dungeon.
You visited 1 branch of the dungeon, and saw 2 of its levels.

You collected 25 gold pieces.

Inventory:

Hand Weapons
 d - a +1 falchion (weapon)
Armour
 a - a +0 robe (worn)
 c - a +0 pair of boots (worn)
Jewellery
 e - an amulet of guardian spirit
Scrolls
 g - a scroll of amnesia {unknown}
Potions
 b - a potion of degeneration {unknown}
 f - a potion of attraction {unknown}


   Skills:
 + Level 0.1 Long Blades
 + Level 2.7 Dodging
 + Level 2.4 Stealth
 + Level 3.0 Spellcasting
 * Level 5.5 Conjurations
 * Level 0.3 Air Magic


You had 3 spell levels left.
You knew the following spells:

 Your Spells              Type           Power      Damage    Failure   Level
a - Magic Dart            Conj           100%       1d8       1%          1
b - Searing Ray           Conj           58%        3d5       1%          2
c - Static Discharge      Conj/Air       17%        N/A       5%          2

Your spell library contained the following spells:

 Spells                   Type           Power      Damage    Failure   Level
 Dazzling Flash           Conj/Hex       32%        N/A       11%         3
 Fulminant Prism          Conj/Hex       8%         3d7       36%         4
 Iskenderun's Mystic Bla  Conj/Tloc      16%        2d5       36%         4
 Sticky Flame             Conj/Fire      16%        2d4       36%         4
 Dispel Undead            Necr           3%         3d7       75%         4


Dungeon Overview and Level Annotations

Branches:
Dungeon (2/15)

Altars:


Message History

The magic dart hits the orc.
The orc is moderately wounded.
The orc priest invokes the aid of Beogh against you.
Beogh smites you!
The magic dart hits the orc but does no damage.
The orc is moderately wounded.
The magic dart hits the orc.
The orc is severely wounded.
Casting: Magic Dart (safe; 1% risk of failure)
Confirm with . or Enter, or press ? or * to list all spells.
Aiming: Searing Ray (safe; 1% risk of failure)
Press: ? - help, Shift-Dir - straight line, f - orc
Aim: an orc, wielding a +0 flail of holy wrath and wearing a +0 ring mail (82% to hit)
The searing ray hits the orc!
You kill the orc! (Press . to maintain the ray.)
The orc priest miscasts a cantrip.
Casting: Searing Ray (safe; 1% risk of failure)
Confirm with . or Enter, or press ? or * to list all spells.
You don't have enough magic to cast this spell.
Unknown command.
There are no items here.
The searing ray hits the orc!
You kill the orc!
The orc priest looks braver for a moment.
You closely miss the orc. The orc closely misses you.
The orc priest mumbles some strange prayers to Beogh against you.
Beogh smites you!
* * * LOW HITPOINT WARNING * * *
Unknown command.
You are too injured to fight recklessly!
Aiming: Magic Dart (safe; 1% risk of failure)
Press: ? - help, Q - select action, (/) - cycle Shift-Dir - straight line, f - orc
Aim: an orc, wielding a +0 flail (100% to hit)
The magic dart hits the orc!
You kill the orc!
The orc priest mumbles some strange prayers to Beogh against you.
Pain shoots through your body!
Ouch! That really hurt!
You die...

#.#.#####
#. #
#.#......
## .
#......).
#........
#....)...
#o.).....
#o#......
#)# .....
#@# ####
### #.#
##..
##.####
#...
#.....#
#...
#####.#
#... #.#
#... #.#
#... #.#
#... #.#
##.#


You could see 2 orc priests.

Vanquished Creatures
  An adder (D:2)
  A worm (D:2)
  4 orcs (D:2)
  2 ball pythons (D:1)
  3 endoplasms (D:1)
  4 goblins
  5 hobgoblins
  2 quokkas (D:1)
  A bat (D:1)
  A frilled lizard (D:1)
  4 kobolds (D:1)
  2 rats
30 creatures vanquished.

Notes
Turn   | Place    | Note
-------+----------+-------------------------------------------
     0 | D:1      | horus123 the Deep Elf Conjurer began the quest for the Orb.
     0 | D:1      | Reached XP level 1. HP: 10/10 MP: 6/6
   323 | D:1      | Reached XP level 2. HP: 15/15 MP: 2/8
   333 | D:1      | Reached skill level 5 in Conjurations
   656 | D:1      | Learned a level 2 spell: Searing Ray
   659 | D:1      | Learned a level 2 spell: Static Discharge
  1202 | D:2      | Reached XP level 3. HP: 19/19 MP: 5/9
  1494 | D:2      | Killed from afar by an orc priest

Illustrated notes

Levels and vault maps discovered:
D:1:      minmay_arrival_widening_spiral_wide, layout_loops_cross,
          minmay_pentomino_o4
D:2:      cheibrodos_pilgrimage, layout_basic

Skill      XL: |  1  2 |
---------------+-------+-----
Conjurations   | 5 |  5.5
Long Blades    | |  0.1
Dodging        | |  2.7
Stealth        | |  2.4
Spellcasting   | |  3.0
Air Magic      | |  0.3

Action                   || total
-------------------------++-------
Melee: Falchion          ||    23
 Cast: Magic Dart        ||    48
       Searing Ray       ||     1
  Use: Scroll            ||     3
 Stab: Sleeping          ||     1
Armor: Robe              ||     5
Dodge: Dodged            ||    19
       Rpst.: Falchion   ||     3
